 Dungeon Crawl Stone Soup version 0.23.2-33-g5129a83184 (webtiles) character file.

Game seed: 17779174701823946160

122 AarnesTheHuman the Charmwright (level 5, -2/41 HPs)
             Began as a Barachi Skald on Aug 7, 2019.
             Slain by an orc wizard
             ... wielding a +2 dagger of venom
              (7 damage)
             ... on level 3 of the Dungeon.
             The game lasted 00:07:05 (3315 turns).

AarnesTheHuman the Charmwright (Barachi Skald)      Turns: 3315, Time: 00:07:06

Health: -2/41      AC:  3    Str: 13    XL:     5   Next: 6%
Magic:  9/9        EV: 12    Int: 14    God:
Gold:   72         SH:  0    Dex: 11    Spells: 6/10 levels left

rFire    . . .     SeeInvis .   a - +0 falchion
rCold    . . .     Gourm    .   (no shield)
rNeg     . . .     Faith    .   b - +0 leather armour
rPois    .         Spirit   .   (no helmet)
rElec    .         Reflect  .   (no cloak)
rCorr    .         Harm     .   (no gloves)
MR       .....                  (no boots)
Stlth    +.........             (no amulet)
HPRegen  0.13/turn              (no ring)
MPRegen  0.11/turn              (no ring)

@: lethally poisoned (-2 -> -31), flying, slow
A: +LOS, swims, slowness 1, strong legs 1
a: Hop


You were on level 3 of the Dungeon.
You were hungry.

You visited 1 branch of the dungeon, and saw 5 of its levels.

You collected 72 gold pieces.

Inventory:

Hand Weapons
 a - a +0 falchion (weapon)
Armour
 b - a +0 leather armour (worn)
Magical Staves
 k - an uncursed staff of air {unknown}
Jewellery
 i - an uncursed ring of poison resistance {unknown}
 j - an uncursed ring of stealth {unknown}
Wands
 c - a wand of iceblast (9)
Scrolls
 e - 2 scrolls of remove curse {unknown}
 f - 2 scrolls of fog {unknown}
 g - 2 scrolls of enchant armour {unknown}
 n - a scroll of teleportation {unknown}
Potions
 l - a potion of flight
Comestibles
 d - 6 rations
 h - a chunk of flesh


   Skills:
 + Level 3.1 Fighting
 + Level 3.0 Long Blades
 + Level 2.2 Armour
 - Level 2.5 Dodging
 * Level 3.0 Spellcasting
 + Level 1.1 Hexes
 * Level 4.1 Charms


You had 6 spell levels left.
You knew the following spells:

 Your Spells              Type           Power        Failure   Level  Hunger
a - Infusion              Chrm           ##..         4%          1    #......
b - Spectral Weapon       Hex/Chrm       #.......     28%         3    ###....

Your spell library contained the following spells:

 Spells                   Type           Power        Failure   Level  Hunger
 Song of Slaying          Chrm           ##......     8%          2    ##.....
 Shroud of Golubria       Chrm/Tloc      #.........   17%         2    ##.....
 Regeneration             Chrm/Necr      #.........   34%         3    ###....


Dungeon Overview and Level Annotations

Branches:
Dungeon (5/15)
 Temple: D:4-7

Altars:
Elyvilon
Gozag
Ru

Annotations:
D:4 Robin


Innate Abilities, Weirdness & Mutations

Shadows flee at your approach. (+LOS)
You can swim through water.
You cover ground slowly.
You can hop short distances.


Message History

You are lethally poisoned!
You barely miss something.
You feel very sick. Something hits you but does no damage.
You are more poisoned.
You're too confused to cast spells.
You feel less confused.
You feel very sick.
Okay, then.
You hit something but do no damage.
You feel very sick.
You hear some strange, mumbled words.
A magic dart appears from out of thin air!
The magic dart hits you!
* * * LOW HITPOINT WARNING * * *
You closely miss something.
* * * LOW HITPOINT WARNING * * *
You feel very sick. Something hits you!
You die...

#...##$##.#.##.#
##.###.#....##.#
#.# #......##.# ##
#.# #.#....##.# .
#.# #.##.#.##.#.#
#)# #.##...##.#.#
#.# #.#.........#
#{###..w......###
#@............รท.#
########.#.####.#
#.#.# #.# #.#.#
#.# #.#.# #>#
##### #)# #.# #.#
###.#


You could see a dart slug.

Vanquished Creatures
  An iguana (D:5)
  An adder (D:2)
  2 oozes
  3 worms (D:2)
  2 dart slugs (D:2)
  A leopard gecko (D:1)
  4 orcs
  4 bats
  A giant cockroach (D:5)
  12 goblins
  5 hobgoblins
  4 jackals (D:2)
  4 kobolds
  3 quokkas
  A ball python (D:2)
  2 frilled lizards
  6 rats
56 creatures vanquished.

Notes
Turn   | Place    | Note
-------+----------+-------------------------------------------
     0 | D:1      | AarnesTheHuman the Barachi Skald began the quest for the
                  | Orb.
     0 | D:1      | Reached XP level 1. HP: 17/17 MP: 3/3
   189 | D:1      | Reached XP level 2. HP: 16/23 MP: 5/5
   813 | D:1      | Reached XP level 3. HP: 28/28 MP: 6/6
   818 | D:1      | Learned a level 3 spell: Spectral Weapon
   981 | D:2      | Found a sacrificial altar of Ru.
   982 | D:2      | Found an opulent altar of Gozag.
  1585 | D:2      | Reached XP level 4. HP: 28/34 MP: 0/8
  1671 | D:2      | Found a white marble altar of Elyvilon.
  1932 | D:2      | You fall through a shaft for 2 floors!
  1932 | D:4      | Noticed Robin
  1946 | D:5      | Entered Level 5 of the Dungeon
  2214 | D:5      | HP: 1/34 [iguana (13)]
  2221 | D:5      | Reached skill level 4 in Charms
  3234 | D:3      | Reached XP level 5. HP: 41/41 MP: 9/9
  3247 | D:3      | Reached skill level 1 in Hexes
  3315 | D:3      | Slain by an orc wizard

Skill      XL: |  1  2  3  4  5 |
---------------+----------------+-----
Armour         | 2 |  2.2
Long Blades    | 3 |  3.0
Fighting       | 3 |  3.1
Spellcasting   | 3 |  3.0
Charms         | 4 |  4.1
Hexes          | 1 |  1.1
Dodging        | |  2.5

Action                   |  1- 3 |  4- 6 || total
-------------------------+-------+-------++-------
Melee: Falchion          |   107 |    85 ||   192
 Cast: Infusion          |     7 |     7 ||    14
 Abil: Hop               |       |     2 ||     2
  Use: Potion            |       |     4 ||     4
  Eat: Chunk             |     3 |     5 ||     8
Armor: Leather armour    |    46 |    17 ||    63
Dodge: Dodged            |    90 |    59 ||   149
       Rpst.: Falchion   |    28 |    18 ||    46
